 Dungeon Crawl Stone Soup version 0.30-a0-263-ge22c4ad894 (webtiles) character file.

Game seed: 384280584564871172

191 Lobster4 the Poker (level 6, -13/47 HPs)
             Began as a Human Wanderer on Oct 13, 2022.
             Killed by divine providence
             ... invoked by an orc priest
              (15 damage)
             ... on level 4 of the Dungeon.
             The game lasted 00:11:35 (2923 turns).

Lobster4 the Poker (Human Wanderer)                 Turns: 2923, Time: 00:11:35

Health: -13/47     AC:  8    Str: 11    XL:     6   Next: 2%
Magic:  9/9        EV: 10    Int: 12    God:
Gold:   132        SH:  0    Dex: 16    Spells: 9/9 levels left

rFire   . . .      SeeInvis .    a - +3 spear
rCold   . . .      Faith    .    (no shield)
rNeg    . . .      Spirit   .    o - +3 ring mail
rPois   .          Reflect  .    (no helmet)
rElec   .          Harm     .    (no cloak)
rCorr   .          Rampage  .    (no gloves)
Will    .....                    (no boots)
Stlth   +.........               (no amulet)
HPRegen 0.27/turn                (no ring)
MPRegen 0.11/turn                (no ring)

@: about to teleport
A: no striking features
a: no special abilities


You were on level 4 of the Dungeon.
You visited 1 branch of the dungeon, and saw 4 of its levels.

You collected 132 gold pieces.

Inventory:

Hand Weapons
 a - a +3 spear (weapon)
 b - a +0 sling
 l - a +0 short sword of draining
 y - a +0 whip of flaming
 z - a +0 trident
Missiles
 f - 51 stones (quivered)
 r - 5 poisoned darts
Armour
 c - a +0 robe
 g - a +0 ring mail
 o - a +3 ring mail (worn)
 C - the +0 leather armour "Fireabor" {rElec rCorr}
   (You found it on level 4 of the Dungeon)

   rElec:     It insulates you from electricity.
   rCorr:     It protects you from acid and corrosion.
Jewellery
 A - a ring of fire
Scrolls
 m - a scroll of teleportation
 q - a scroll of enchant armour {unknown}
 s - a scroll of fear {unknown}
 u - a scroll of blinking {unknown}
Potions
 d - a potion of berserk rage {unknown}
 e - 3 potions of curing {unknown}
 h - a potion of mutation
 i - a potion of brilliance {unknown}
 j - 2 potions of flight {unknown}
 n - 2 potions of attraction {unknown}
 p - 3 potions of heal wounds {unknown}
 t - a potion of ambrosia {unknown}
 v - a potion of degeneration {unknown}
 w - a potion of resistance


   Skills:
 + Level 3.1 Fighting
 - Level 4.0 Polearms
 + Level 2.0 Ranged Weapons
 + Level 2.4 Armour
 - Level 2.0 Spellcasting
 + Level 2.7 Poison Magic
 - Level 1.0 Evocations


You had 9 spell levels left.
You didn't know any spells.
Your spell library contained the following spells:

 Spells                   Type           Power      Damage    Failure   Level
 Poisonous Vapours        Pois/Air       8%         N/A       50%         2
 Cigotuvi's Dreadful Rot  Necr/Pois/Air  6%         N/A       54%         2
 Dazzling Flash           Conj/Hex       2%         N/A       88%         3
 Iskenderun's Mystic Bla  Conj/Tloc      1%         2d3       99%         4
 Starburst                Conj/Fire      0%         6d3       100%        6


Dungeon Overview and Level Annotations

Branches:
Dungeon (4/15)
 Temple: D:4-7

Altars:
Ashenzari
Elyvilon
Trog

Annotations:
D:4 Ijyb


Message History

The orc priest is severely wounded.
The orc hits you but does no damage. The orc closely misses you.
You closely miss the orc priest.
The orc priest is severely wounded.
The orc priest invokes the aid of Beogh against you.
Beogh smites you!
* * * LOW HITPOINT WARNING * * *
The orc barely misses you. x2
As you read the scroll of teleportation, it crumbles to dust.
You feel strangely unstable.
Your butterfly disappears in a burst of colours!
The orc priest hits you but does no damage.
The orc hits you but does no damage. The orc barely misses you.
You hit the orc priest.
You punch the orc priest, but do no damage.
The orc priest is almost dead.
Your butterfly disappears in a burst of colours!
Your hobgoblin hits the orc. The orc hits you with a +0 falchion.
* * * LOW HITPOINT WARNING * * *
The orc hits you but does no damage.
The orc priest hits you with a +0 morningstar!
* * * LOW HITPOINT WARNING * * *
The orc attacks as you move away! The orc hits you but does no damage.
The orc priest attacks as you move away!
The orc priest misses you.
Your hobgoblin hits the orc. The orc barely misses your butterfly.
The orc hits your hobgoblin with a +0 falchion.
The orc priest attacks as you move away!
The orc priest hits you with a +0 morningstar.
* * * LOW HITPOINT WARNING * * *
Your butterfly disappears in a burst of colours!
Your hobgoblin closely misses the orc.
The orc priest looks encouraged for a moment.
The orc misses your hobgoblin.
Your butterfly disappears in a burst of colours!
Your hobgoblin closely misses the orc.
The orc hits your hobgoblin with a +0 falchion.
The orc priest invokes the aid of Beogh against you.
Beogh smites you!
You die...

#...###...#
##...#....#
##.#......#
###...>.....#
#..........##
#..........#
#..........##
#..........b#
#......@b...#
##..........#
##.....o.g.#
#.......oo#
##.....#S.#
##...###...
##.## ...# ##
..... .#....


You could see an orc priest, 2 orcs, a ball python and a friendly hobgoblin
(summoned).

Vanquished Creatures
  2 hounds
  3 gnolls (D:2)
  4 adders
  2 worms
  3 endoplasms
  5 giant cockroaches
  6 goblins
  8 hobgoblins
  2 jackals (D:1)
  10 kobolds
  3 quokkas
  9 ball pythons
  3 bats
  4 frilled lizards
  2 rats
66 creatures vanquished.

Notes
Turn   | Place    | Note
-------+----------+-------------------------------------------
     0 | D:1      | Lobster4 the Human Wanderer began the quest for the Orb.
     0 | D:1      | Lobster4 set off with the following items: a +3 spear, a
                  | potion of mutation, a +0 robe; and the following spells
                  | available to memorise: Cigotuvi's Dreadful Rot, Poisonous
                  | Vapours.
     0 | D:1      | Reached XP level 1. HP: 16/16 MP: 2/2
   132 | D:1      | Reached XP level 2. HP: 10/22 MP: 3/3
   555 | D:1      | Reached XP level 3. HP: 23/28 MP: 5/5
  1113 | D:2      | Found a bloodstained altar of Trog.
  1311 | D:2      | Reached XP level 4. HP: 33/34 MP: 6/6
  1447 | D:2      | Reached skill level 1 in Ranged Weapons
  1552 | D:2      | Reached XP level 5. HP: 40/40 MP: 6/8
  1774 | D:3      | Found a broken altar of Ashenzari.
  1853 | D:3      | Found a white marble altar of Elyvilon.
  2149 | D:3      | Found a faded altar of an unknown god.
  2825 | D:4      | Noticed Ijyb
  2872 | D:4      | Identified the +0 leather armour "Fireabor" {rElec rCorr}
  2897 | D:4      | Reached XP level 6. HP: 45/47 MP: 9/9
  2922 | D:4      | HP: 1/47 [orc priest/+0 morningstar (2)]
  2923 | D:4      | Killed from afar by an orc priest

Illustrated notes

Levels and vault maps discovered:
D:1:      psy_arrival_terrarium, layout_loops_ring
D:2:      layout_basic, basic_altar
D:3:      minmay_general_purpose_star, layout_loops_ring, elyvilon_altar_5,
          cheibrodos_ashenzari_chains, hellmonk_ecumenical_altar_arch_garden
D:4:      layout_cave_pods, enter_ossuary_2, uniq_ijyb, uniq_blork_the_orc

Skill      XL: |  1  2  3  4  5 |
---------------+----------------+-----
Ranged Weapons | 1 2 |  2.0
Poison Magic   | 2 |  2.7
Spellcasting   | 2 |  2.0
Fighting       | 3 |  3.1
Armour         | 2 |  2.4
Polearms       | |  4.0
Evocations     | |  1.0

Action                   |  1- 3 |  4- 6 || total
-------------------------+-------+-------++-------
Melee: Spear             |    47 |    48 ||    95
       Punch             |       |     2 ||     2
 Fire: Sling             |    82 |    91 ||   173
  Use: Scroll            |       |     6 ||     6
 Stab: Sleeping          |     1 |       ||     1
Armor: Robe              |     8 |       ||     8
       Ring mail         |    27 |    32 ||    59
Dodge: Dodged            |    52 |    61 ||   113

Table legend: (Time is in decaauts)
 A = Elapsed time spent in this place.
 B = Non-inter-level travel time spent in this place.
 C = Inter-level travel time spent in this place.
 D = Time resting spent in this place.
 E = Time spent auto-exploring this place.
 F = Levels seen in this place.
 G = Mean time per level.
                   A        B        C        D        E       F      G
               +--------+--------+--------+--------+--------+-----+--------+
         Total |   2982 |   2828 |    154 |    255 |   1760 |   4 |  745.5 |
       Dungeon |   2982 |   2828 |    154 |    255 |   1760 |   4 |  745.5 |
               +--------+--------+--------+--------+--------+-----+--------+

Top non-repeatable levels by time:
     D:1: 1042 daAuts
     D:3: 821 daAuts
     D:2: 759 daAuts
     D:4: 359 daAuts
